 Dungeon Crawl Stone Soup version 0.30-a0-123-g91d0c66ccf (webtiles) character file.

Game seed: 3708037568220883416

106 bande the Chopper (level 4, -9/41 HPs)
             Began as a Hill Orc Fighter on Sept 17, 2022.
             Mangled by a gnoll
             ... wielding a +0 halberd
              (10 damage)
             ... on level 3 of the Dungeon.
             The game lasted 00:03:17 (2571 turns).

bande the Chopper (Hill Orc Fighter)                Turns: 2571, Time: 00:03:18

Health: -9/41      AC:  7    Str: 18    XL:     4   Next: 84%
Magic:  4/4        EV:  9    Int:  8    God:
Gold:   162        SH:  4    Dex: 12    Spells: 3/3 levels left

rFire   . . .      SeeInvis +    a - +0 war axe
rCold   . . .      Faith    .    c - +0 buckler
rNeg    . . .      Spirit   .    b - +0 scale mail
rPois   .          Reflect  .    (no helmet)
rElec   .          Harm     .    (no cloak)
rCorr   .          Rampage  .    (no gloves)
Will    .....                    (no boots)
Stlth   ..........               (no amulet)
HPRegen 0.13/turn                o - ring of see invisible
MPRegen 0.09/turn                (no ring)

@: no status effects
A: no striking features
a: no special abilities


You were on level 3 of the Dungeon.
You visited 1 branch of the dungeon, and saw 3 of its levels.

You collected 162 gold pieces.

Inventory:

Hand Weapons
 a - a +0 war axe (weapon)
Armour
 b - a +0 scale mail (worn)
 c - a +0 buckler (worn)
Jewellery
 o - a ring of see invisible (left hand)
Wands
 m - a wand of polymorph (4)
Scrolls
 e - 2 scrolls of blinking {unknown}
 f - a scroll of vulnerability {unknown}
 g - 3 scrolls of silence {unknown}
 h - 3 scrolls of identify {unknown}
 j - a scroll of summoning {unknown}
 k - 6 scrolls of teleportation {unknown}
 l - a scroll of enchant armour {unknown}
 n - a scroll of fear {unknown}
 q - a scroll of magic mapping {unknown}
 u - a scroll of fog {unknown}
Potions
 d - a potion of might
 i - a potion of curing {unknown}
 p - 3 potions of heal wounds {unknown}
 r - a potion of degeneration {unknown}
 s - a potion of haste {unknown}
 t - a potion of attraction {unknown}


   Skills:
 + Level 4.5 Fighting
 + Level 4.6 Axes
 + Level 3.8 Armour
 + Level 3.7 Shields


You had 3 spell levels left.
You didn't know any spells.
Your spell library contained the following spells:

 Spells                   Type           Power      Damage    Failure   Level
 Dazzling Flash           Conj/Hex       0%         N/A       99%         3
 Gell's Gravitas          Tloc           0%         N/A       99%         3
 Teleport Other           Tloc           0%         N/A       99%         3
 Agony                    Necr           0%         N/A       100%        5
 Silence                  Hex/Air        0%         N/A       100%        5
 Dispersal                Tloc           0%         N/A       100%        6


Dungeon Overview and Level Annotations

Branches:
Dungeon (3/15)

Altars:

Shops:
D:2 [


Message History

You closely miss the gnoll. The gnoll hits you with a +0 halberd!
The gnoll completely misses you.
You hit the gnoll.
The gnoll is moderately wounded.
The gnoll closely misses you.
You slash the gnoll!
The gnoll is almost dead.
You block the gnoll's attack.
You slash the gnoll!
You kill the gnoll!
A gnoll comes into view. It is wielding a +0 flail.
Found a stone staircase leading up.
The gnoll shouts!
You hear a shout!
A gnoll comes into view. It is wielding a +0 falchion.
The gnoll barely misses you.
Things that are here:
a +0 halberd; a +0 ring mail; a gnoll corpse You slash the gnoll!
The gnoll is almost dead.
The gnoll hits you with a +0 flail.
You barely miss the gnoll.
The gnoll is almost dead.
The gnoll barely misses you.
You slash the gnoll!
You kill the gnoll!
A gnoll comes into view. It is wielding a +0 halberd.
The gnoll closely misses you. The gnoll hits you with a +0 falchion.
You barely miss the gnoll. The gnoll hits you with a +0 falchion.
The gnoll closely misses you.
You hit the gnoll but do no damage. The gnoll completely misses you.
The gnoll hits you from afar with a +0 halberd.
You hit the gnoll.
The gnoll is lightly wounded.
You block the gnoll's attack.
The gnoll hits you from afar with a +0 halberd!
* * * LOW HITPOINT WARNING * * *
The gnoll hits you with a +0 falchion.
* * * LOW HITPOINT WARNING * * *
The gnoll hits you from afar with a +0 halberd!
You die...

###......#
..#.#.#..#########
#.#.#............#
#.#.############.#
#.......... #.#
#†........# #.#
#.........' #.#
##........# #.#
#........# #@#
####....## .#g#.
....' ...g ....#
.).#< #
#########...##.
######...........# .#
<..........##..#.##.#
...........##........
...............#


You could see 2 gnolls.

Vanquished Creatures
  2 gnolls (D:3)
  An adder (D:2)
  2 worms
  A dart slug (D:3)
  3 orcs (D:3)
  A bat (D:2)
  4 endoplasms
  2 giant cockroaches (D:1)
  9 goblins
  8 hobgoblins
  5 jackals (D:2)
  A quokka (D:1)
  4 ball pythons
  6 frilled lizards
  2 kobolds (D:2)
  13 rats
64 creatures vanquished.

Vanquished Creatures (others)
  A plant (D:1)
1 creature vanquished.

Grand Total: 65 creatures vanquished

Notes
Turn   | Place    | Note
-------+----------+-------------------------------------------
     0 | D:1      | bande the Hill Orc Fighter began the quest for the Orb.
     0 | D:1      | Reached XP level 1. HP: 19/19 MP: 1/1
   205 | D:1      | Reached XP level 2. HP: 27/27 MP: 2/2
   836 | D:1      | Reached XP level 3. HP: 33/33 MP: 3/3
  1505 | D:2      | Found Intywacw's Antique Armour Shoppe.
  1565 | D:2      | Reached XP level 4. HP: 40/40 MP: 4/4
  2099 | D:3      | Found a faded altar of an unknown god.
  2571 | D:3      | HP: 1/41 [gnoll/+0 falchion (6)]
  2571 | D:3      | Mangled by a gnoll

Illustrated notes

Levels and vault maps discovered:
D:1:      dpeg_arrival_ratfight, layout_loops_corners, serial_bayou,
          serial_bayou_pond_c, serial_bayou_pond_d, serial_bayou_lake_a,
          serial_bayou_pond_a, reono_crystal_passage
D:2:      layout_basic, serial_shops, shop_statue, minmay_misc_feat_iff,
          dk_noncrumbling_4, minmay_close_crescents
D:3:      layout_basic, ebering_ecumenical_altar_petrified,
          guppyfry_early_orc_mine

Skill      XL: |  1  2  3 |
---------------+----------+-----
Axes           | 3 4 |  4.6
Fighting       | 4 |  4.5
Armour         | |  3.8
Shields        | |  3.7

Action                   |  1- 3 |  4- 6 || total
-------------------------+-------+-------++-------
Melee: War axe           |    77 |    54 ||   131
Armor: Scale mail        |    35 |    25 ||    60
Dodge: Dodged            |    45 |    34 ||    79
Block: Buckler           |    15 |    13 ||    28

Table legend: (Time is in decaauts)
 A = Elapsed time spent in this place.
 B = Non-inter-level travel time spent in this place.
 C = Inter-level travel time spent in this place.
 D = Time resting spent in this place.
 E = Time spent auto-exploring this place.
 F = Levels seen in this place.
 G = Mean time per level.
                   A        B        C        D        E       F      G
               +--------+--------+--------+--------+--------+-----+--------+
         Total |   2677 |   2657 |     20 |    370 |   1870 |   3 |  892.3 |
       Dungeon |   2677 |   2657 |     20 |    370 |   1870 |   3 |  892.3 |
               +--------+--------+--------+--------+--------+-----+--------+

Top non-repeatable levels by time:
     D:1: 1271 daAuts
     D:2: 831 daAuts
     D:3: 574 daAuts
